 Dungeon Crawl Stone Soup version 0.28-a0-987-g8383568036 (webtiles) character file.

Game seed: 14717521183143923361

602 Decritt the Skirmisher (level 7, 0/44 HPs)
             Began as a Gargoyle Fighter on Dec 4, 2021.
             Slain by Dowan (3 damage)
             ... on level 4 of the Dungeon.
             The game lasted 00:05:28 (3477 turns).

Decritt the Skirmisher (Gargoyle Fighter)           Turns: 3477, Time: 00:05:29

Health: 0/44       AC: 25    Str: 22    XL:     7   Next: 41%
Magic:  7/7        EV:  6    Int:  8    God:
Gold:   107        SH:  4    Dex:  9    Spells: 6/6 levels left

rFire   . . .      SeeInvis .   d - +5 flail (protect)
rCold   . . .      Faith    .   c - +0 buckler
rNeg    + . .      Spirit   .   e - +0 plate armour
rPois   ∞          Reflect  .   k - +0 helmet
rElec   +          Harm     .   (no cloak)
rCorr   .          Rampage  .   (no gloves)
Will    .....                   (no boots)
Stlth   ..........              (no amulet)
HPRegen 0.14/turn               (no ring)
MPRegen 0.10/turn               (no ring)

@: under a protective aura
A: sickness immunity, AC +4, negative energy resistance 1, electricity
resistance, torment resistance 1, petrification resistance
a: no special abilities


You were on level 4 of the Dungeon.
You visited 1 branch of the dungeon, and saw 4 of its levels.

You collected 107 gold pieces.

Inventory:

Hand Weapons
 a - a +0 flail
 d - a +5 flail of protection (weapon)
Missiles
 g - 5 boomerangs (quivered)
Armour
 b - a +0 scale mail
 c - a +0 buckler (worn)
 e - a +0 plate armour (worn)
 k - a +0 helmet (worn)
Jewellery
 p - a ring of resist corrosion
Scrolls
 f - a scroll of holy word {unknown}
 h - a scroll of brand weapon {unknown}
 j - a scroll of magic mapping {unknown}
 m - 2 scrolls of fog {unknown}
 o - a scroll of noise {unknown}
 q - a scroll of fear {unknown}
Potions
 l - 2 potions of attraction {unknown}


   Skills:
 * Level 5.6 Fighting
 + Level 5.5 Maces & Flails
 + Level 5.3 Armour
 - Level 3.4 Shields


You had 6 spell levels left.
You didn't know any spells.
Your spell library contained the following spells:

 Spells                   Type           Power      Damage    Failure   Level
 Olgreb's Toxic Radiance  Pois           0%         N/A       100%        4
 Ozocubu's Refrigeration  Ice            0%         4d5       100%        7
 Ignition                 Fire           0%         3d3       100%        8


Dungeon Overview and Level Annotations

Branches:
Dungeon (4/15)
 Temple: D:4-7

Altars:
Ashenzari
Vehumet

Annotations:
D:4 1 runed translucent door, Crazy Yiuf, Dowan, Natasha


Innate Abilities, Weirdness & Mutations

You are immune to sickness and miasma.
Your stone body is resilient. (AC +4)
You are immune to poison.
You resist negative energy. (rN+)
You are resistant to electric shocks. (rElec)
You are resistant to unholy torment.
You are immune to petrification.


Message History

You closely miss Duvessa.
Duvessa is severely wounded.
Duvessa hits you but does no damage.
Dowan mumbles some strange words.
Dowan blinks!
Duvessa hits you but does no damage.
Natasha casts a spell.
You hit Duvessa.
Duvessa is almost dead.
Duvessa hits you with a +0 short sword.
* * * LOW HITPOINT WARNING * * *
The crimson imp blinks!
Duvessa hits you but does no damage. Dowan gestures at you while chanting.
The puff of frost hits you but does no damage.
You feel better. Duvessa hits you but does no damage.
Dowan hits you but does no damage. You block Duvessa's attack.
You thump Duvessa!
You kill Duvessa!
Dowan's eyes darken. "You have made a black mistake."
Dowan seems to find hidden reserves of power!
Dowan hits you but does no damage.
Natasha stares at you and mumbles some strange words.
The magic dart hits you but does no damage.
Dowan gestures at you while chanting. The stone arrow hits you!
* * * LOW HITPOINT WARNING * * *
You closely miss Dowan.
Dowan is severely wounded.
The crimson imp blinks!
Dowan hits you with a +0 dagger.
* * * LOW HITPOINT WARNING * * *
Natasha claws you but does no damage.
You hit Dowan.
Dowan is almost dead.
You are no longer glowing.
Dowan casts a spell.
Dowan blinks!
Dowan hits you but does no damage. Natasha claws you but does no damage.
You miss Dowan.
Dowan is almost dead.
Dowan hits you with a +0 dagger.
You die...

# .# .. ##### .#
####...#.#
#....e@h#
#########.##...#5#
#.........###.## ..
#.######### #5# .#
.# ...§. #.# #.#
##.# .# #.≈.8. #.#
#... ..# .# #.≈..§
###.####
####.##.##.###.≈≈.§
#......##
#.......##.§§§.≈
........#
#.......##.§§§.§


You could see Dowan (fast), an iron imp (summoned), Natasha and a crimson imp
(summoned).

Vanquished Creatures
  Edmund (D:4)
  Duvessa (D:4)
  A necrophage (D:4)
  A phantom (D:4)
  A hound (D:4)
  A jelly (D:4)
  5 adders
  3 gnolls (D:2)
  An ufetubus (D:2)
  2 adder skeletons (D:4)
  A worm (D:2)
  2 dart slugs
  5 bats
  4 endoplasms
  3 giant cockroaches (D:1)
  7 goblins
  10 hobgoblins
  4 jackals (D:3)
  2 quokkas (D:2)
  5 ball pythons
  5 frilled lizards
  2 kobolds
  6 rats
73 creatures vanquished.

Notes
Turn   | Place    | Note
-------+----------+-------------------------------------------
     0 | D:1      | Decritt the Gargoyle Fighter began the quest for the Orb.
     0 | D:1      | Reached XP level 1. HP: 14/14 MP: 1/1
   108 | D:1      | Reached XP level 2. HP: 19/19 MP: 2/2
   730 | D:1      | Reached XP level 3. HP: 24/24 MP: 3/3
  1259 | D:2      | Reached XP level 4. HP: 19/29 MP: 4/4
  1924 | D:2      | Reached XP level 5. HP: 30/33 MP: 5/5
  2248 | D:3      | Found a radiant altar of Vehumet.
  2287 | D:3      | Found a faded altar of an unknown god.
  2624 | D:4      | Noticed a phantom
  2649 | D:4      | Killed a phantom
  2669 | D:4      | Reached XP level 6. HP: 21/39 MP: 6/6
  2808 | D:4      | Found a broken altar of Ashenzari.
  2808 | D:4      | Noticed a necrophage
  2825 | D:4      | Killed a necrophage
  2915 | D:4      | Reached skill level 5 in Fighting
  3024 | D:4      | Found a runed translucent door.
  3025 | D:4      | Noticed Crazy Yiuf
  3074 | D:4      | Noticed Edmund
  3087 | D:4      | Killed Edmund
  3088 | D:4      | Reached skill level 5 in Maces & Flails
  3088 | D:4      | Reached skill level 5 in Armour
  3088 | D:4      | Reached XP level 7. HP: 3/44 MP: 7/7
  3452 | D:4      | Noticed Dowan
  3453 | D:4      | Noticed Duvessa
  3468 | D:4      | Noticed Natasha
  3474 | D:4      | Killed Duvessa
  3475 | D:4      | HP: 2/44 [Dowan (4)]
  3477 | D:4      | Slain by Dowan

Illustrated notes

Levels and vault maps discovered:
D:1:      saegor_arrival_miasma, layout_loops_ring
D:2:      layout_basic
D:3:      layout_rooms, nicolae_vehumet_radiance, ebering_ecumenical_altar_mist
D:4:      layout_loops_cross, mainiacjoe_overflow_catwalk,
          uniq_crazy_yiuf_cottage, uniq_duvessa, uniq_edmund, uniq_natasha

Skill      XL: |  1  2  3  4  5  6 |
---------------+-------------------+-----
Maces & Flails | 3 4 5 |  5.5
Fighting       | 4 5 |  5.6
Armour         | 4 5 |  5.3
Shields        | |  3.4

Action                   |  1- 3 |  4- 6 |  7- 9 || total
-------------------------+-------+-------+-------++-------
Melee: Flail             |   131 |   157 |    25 ||   313
Throw: Boomerang         |    15 |    49 |     6 ||    70
  Use: Scroll            |       |     3 |       ||     3
       Potion            |       |     1 |     2 ||     3
Armor: Scale mail        |    30 |       |       ||    30
       Plate armour      |    94 |   118 |    33 ||   245
Dodge: Dodged            |    61 |    59 |     4 ||   124
Block: Buckler           |    32 |    43 |     6 ||    81

Table legend: (Time is in decaauts)
 A = Elapsed time spent in this place.
 B = Non-inter-level travel time spent in this place.
 C = Inter-level travel time spent in this place.
 D = Time resting spent in this place.
 E = Time spent auto-exploring this place.
 F = Levels seen in this place.
 G = Mean time per level.
                   A        B        C        D        E       F      G
               +--------+--------+--------+--------+--------+-----+--------+
         Total |   3572 |   3528 |     44 |    419 |   2426 |   4 |  893.0 |
       Dungeon |   3572 |   3528 |     44 |    419 |   2426 |   4 |  893.0 |
               +--------+--------+--------+--------+--------+-----+--------+

Top non-repeatable levels by time:
     D:2: 1114 daAuts
     D:1: 1062 daAuts
     D:4: 941 daAuts
     D:3: 454 daAuts
